 Dungeon Crawl Stone Soup version 0.17-a0-1748-g222fba8 (webtiles) character file.

245 KambridgeKobold the Ducker (level 5, -2/28 HPs)
             Began as a Spriggan Warper on Sept 1, 2015.
             Slain by a hound (3 damage)
             ... on level 5 of the Dungeon.
             The game lasted 00:17:39 (4666 turns).

KambridgeKobold the Ducker (Spriggan Warper)        Turns: 4666, Time: 00:17:40

Health: -2/28      AC:  5    Str:  7 (10) XL:     5   Next: 83%
Magic:  7/10       EV: 20    Int: 15 (17) God:
Gold:   205        SH:  0    Dex: 12 (13) Spells: 4 memorised, 2 levels left

rFire  . . .     SeeInvis +     a - +0 short sword
rCold  . . .     Clarity  .     r - +2 robe {MR+}
rNeg   . . .     SustAt   .     (shield restricted)
rPois  .         Gourm    .     (helmet restricted)
rElec  .         Spirit   .     o - +0 cloak
rCorr  .         Warding  .     (gloves unavailable)
rMut   .         Rnd*Tele +     (boots unavailable)
MR     ++...                    (no amulet)
Stlth  +++.......               t - +2 ring of strength
                                g - +2 ring of intelligence

@: shrouded, very quick, very resistant to hostile enchantments, fairly stealthy
A: unfitting armour, see invisible, clumsy 1, deterioration 1, herbivore 3,
speed 3, magic resistance 1, robust 1, slow metabolism 2, teleportitis 1
a: no special abilities


You were on level 5 of the Dungeon.
You were hungry.

You visited 1 branch of the dungeon, and saw 5 of its levels.

You collected 205 gold pieces.

Inventory:

Hand weapons
 a - a +0 short sword (weapon)
 k - a +0 hunting sling
Missiles
 e - 5 tomahawks of dispersal
 x - 8 tomahawks (quivered)
 A - 15 sling bullets
Armour
 b - a +0 robe
 o - a +0 cloak (worn)
 r - a +2 robe of magic resistance (worn)
Jewellery
 g - a +2 ring of intelligence (left hand)
 t - a +2 ring of strength (right hand)
Scrolls
 d - a scroll of blinking
 i - 2 scrolls of remove curse {unknown}
 j - 4 scrolls of amnesia
 l - 2 scrolls of enchant weapon {unknown}
 q - a scroll of immolation {unknown}
 u - 2 scrolls of identify
 v - 2 scrolls of teleportation {unknown}
 y - a scroll of random uselessness {unknown}
 B - a scroll of summoning {unknown}
 C - a scroll of noise {unknown}
 D - a scroll of magic mapping {unknown}
Potions
 h - a potion of resistance
 n - a potion of heal wounds {unknown}
 p - a potion of invisibility {unknown}
 s - 2 potions of curing
 z - a potion of magic {unknown}
Books
 c - a book of Spatial Translocations

   Spells                             Type                      Level
   a - Apportation                    Translocation                1
   b - Blink                          Translocation                2
   c - Shroud of Golubria             Charms/Translocation         2
   d - Portal Projectile              Translocation                3
   e - Teleport Other                 Translocation                3
   f - Passage of Golubria            Translocation                4
Comestibles
 f - 3 bread rations
 m - a royal jelly
 w - a fruit


   Skills:
 - Level 2.1 Fighting
 + Level 3.4 Short Blades
 - Level 1.1 Throwing
 + Level 6.2 Dodging
 + Level 4.8 Stealth
 - Level 3.0 Spellcasting
 - Level 4.4 Translocations


You had 2 spell levels left.
You knew the following spells:

 Your Spells              Type           Power        Failure   Level  Hunger
a - Apportation           Tloc           ###.......   3%          1    #......
b - Blink                 Tloc           N/A          6%          2    ##.....
c - Shroud of Golubria    Chrm/Tloc      #.........   14%         2    ##.....
d - Teleport Other        Tloc           ###.....     12%         3    ###....


Dungeon Overview and Level Annotations

Branches:
Dungeon (5/15)
 Temple: D:4-7

Altars:
Gozag
Xom

Annotations:
D:3 KambridgeKobold's ghost, average SpWr


Innate Abilities, Weirdness & Mutations

You are tiny and cannot use many weapons and most armour.
You have supernaturally acute eyesight.
You are a herbivore.
You cover ground extremely quickly.
You need consume almost no food.
You are clumsy. (Dex -2)
Your body sometimes deteriorates upon taking damage.
You are resistant to hostile enchantments.
You are robust (+10% HP).
You are occasionally teleported to nearby monsters.


Message History

The hound bites you.
* * * LOW HITPOINT WARNING * * *
The hound pauses to sniff the ground.
Your shroud begins to fray at the edges.
Found a fizzy inky potion.
Your shroud unravels.
The crimson imp shouts!
The crimson imp blinks!
Your magical contamination has completely faded away.
The crimson imp blinks!
You hear the quick hiss of an avalanche of sand nearby.
You barely miss the crimson imp. The crimson imp misses you.
The crimson imp hits you.
* * * LOW HITPOINT WARNING * * *
Casting: Shroud of Golubria
Confirm with . or Enter, or press ? or * to list all spells.
Space distorts slightly along a thin shroud covering your body.
The hound completely misses you. The hound bites you.
You die...

....#####.5.......##...
.......................
#....#....#########...
##.....#### #...
##....## #### ##....#
##...# ##+#####h.##
.......@...#
##.#######.# .# .# .#


You could see a hound.

Vanquished Creatures
  2 hounds (D:5)
  A worker ant (D:4)
  6 adders
  4 oozes
  4 worms
  An adder skeleton (D:4)
  4 orcs (D:4)
  A ball python (D:1)
  2 goblins
  5 hobgoblins
  5 kobolds
  3 quokkas
  7 bats
  2 giant cockroaches (D:2)
  6 giant geckos
  2 giant newts (D:2)
  14 jackals
  7 rats
76 creatures vanquished.

Notes
Turn   | Place    | Note
--------------------------------------------------------------
     0 | D:1      | KambridgeKobold the Spriggan Warper began the quest for the Orb.
     0 | D:1      | Reached XP level 1. HP: 10/10 MP: 5/5
   714 | D:1      | Reached XP level 2. HP: 15/15 MP: 6/6
   799 | D:1      | Learned a level 2 spell: Blink
   802 | D:1      | Learned a level 2 spell: Shroud of Golubria
  1347 | D:2      | Reached XP level 3. HP: 12/18 MP: 8/8
  1782 | D:2      | Reached skill level 1 in Stealth
  2117 | D:2      | Reached XP level 4. HP: 23/23 MP: 7/9
  2181 | D:2      | Reached skill level 5 in Dodging
  2294 | D:2      | Learned a level 3 spell: Teleport Other
  2441 | D:2      | Found a shimmering altar of Xom.
  2824 | D:3      | Noticed KambridgeKobold's ghost (average SpWr)
  2864 | D:3      | Found an opulent altar of Gozag.
  3300 | D:3      | Gained mutation: Your body sometimes deteriorates upon taking damage. [potion of mutation]
  3300 | D:3      | Gained mutation: You are occasionally teleported to nearby monsters. [potion of mutation]
  3300 | D:3      | Gained mutation: You are resistant to hostile enchantments. [potion of mutation]
  3301 | D:3      | Gained mutation: You are clumsy. (Dex -2) [potion of mutation]
  3301 | D:3      | Gained mutation: You are robust (+10% HP). [potion of mutation]
  3734 | D:4      | Reached XP level 5. HP: 24/28 MP: 10/10
  4049 | D:4      | You fall through a shaft!
  4049 | D:5      | Entered Level 5 of the Dungeon
  4098 | D:5      | Reached skill level 6 in Dodging
  4630 | D:5      | HP: 1/28 [hound (4)]
  4655 | D:5      | HP: 1/28 [crimson imp (2)]
  4666 | D:5      | Slain by a hound

Vault maps used:
D:1:      dpeg_arrival_round_c
D:2:      xom_teletrap_fun
D:3:      nicolae_gozag_cash_rules_everything_around_me, first_bread,
          minmay_hedge_maze
D:4:      lemuel_doored_altar
D:5:      gup_ossuary_entry_pyramid

Action                   |  1- 3 |  4- 6 || total
-------------------------+-------+-------++-------
Melee: Short sword       |   159 |   254 ||   413
 Cast: Shroud of Golubri |     8 |    15 ||    23
       Blink             |     1 |     1 ||     2
       Teleport Other    |       |     2 ||     2
  Use: Scroll            |       |     4 ||     4
       Potion            |       |     2 ||     2
 Stab: Sleeping          |       |     8 ||     8
       Distracted        |       |     1 ||     1
  Eat: Fruit             |       |     3 ||     3
